 Dungeon Crawl Stone Soup version 0.25.0-9-g26727b657a (webtiles) character file.

Game seed: 16867635982255419213

3117 Delamore the Severer (level 9, -1/70 HPs)
             Began as a Hill Orc Monk on June 20, 2020.
             Was a Priest of Qazlal.
             Slain by a hog (3 damage)
             ... on level 6 of the Dungeon.
             The game lasted 00:10:51 (10792 turns).

Delamore the Severer (Hill Orc Monk)               Turns: 10792, Time: 00:10:51

Health: -1/70      AC:  9    Str: 23    XL:     9   Next: 91%
Magic:  9/9        EV: 10    Int: 10    God:    Qazlal [***...]
Gold:   444        SH:  4    Dex: 11    Spells: 8/8 levels left

rFire    . . .     SeeInvis .   a - +0 hand axe
rCold    + . .     Gourm    .   (no shield)
rNeg     . . .     Faith    .   D - +1 ring mail of the Thunderstorm {+Inv MR+ Dex-2}
rPois    .         Spirit   .   (no helmet)
rElec    .         Reflect  .   j - +2 cloak
rCorr    .         Harm     .   (no gloves)
MR       +....                  (no boots)
Stlth    ..........             (no amulet)
HPRegen  0.21/turn              w - +6 ring of strength
MPRegen  0.11/turn              E - ring of protection from cold

@: very heavily drained
A: no striking features
a: Upheaval, Elemental Force, Renounce Religion, Evoke Invisibility


You were on level 6 of the Dungeon.
You worshipped Qazlal.
Qazlal was most pleased with you.
You were not hungry.

You visited 1 branch of the dungeon, and saw 7 of its levels.

You collected 444 gold pieces.

Inventory:

Hand Weapons
 a - a +0 hand axe (weapon)
Missiles
 f - 50 poisoned darts (quivered)
 y - 6 javelins
Armour
 j - a +2 cloak (worn)
 D - the +1 ring mail of the Thunderstorm (worn) {+Inv MR+ Dex-2}
   (You found it on level 6 of the Dungeon)

   It affects your dexterity (-2).
   It affects your resistance to hostile enchantments.
   It lets you turn invisible.
Jewellery
 n - an uncursed ring of resist corrosion
 w - a +6 ring of strength (left hand)
 E - a ring of protection from cold (right hand)
Scrolls
 b - a scroll of immolation {unknown}
 d - 5 scrolls of teleportation
 g - 3 scrolls of amnesia
 h - 3 scrolls of remove curse
 q - 2 scrolls of noise {unknown}
 t - 2 scrolls of blinking {unknown}
 z - a scroll of enchant armour {unknown}
 B - a scroll of magic mapping {unknown}
 C - 2 scrolls of random uselessness
Potions
 e - 5 potions of curing
 i - a potion of degeneration {unknown}
 k - a potion of stabbing
 l - 3 potions of invisibility
 m - 2 potions of might {unknown}
 o - a potion of heal wounds {unknown}
 p - 2 potions of lignification {unknown}
 s - a potion of berserk rage {unknown}
 u - 2 potions of haste
 v - a potion of brilliance {unknown}
 x - 2 potions of flight
 A - 3 potions of ambrosia
Comestibles
 c - 12 rations


   Skills:
 - Level 3.6(0.6) Fighting
 + Level 16.6(12.5) Axes
 - Level 2.4(0.0) Dodging
 - Level 1.5(0.0) Stealth


You had 8 spell levels left.
You didn't know any spells.
Your spell library contained the following spells:

 Spells                   Type           Power        Failure   Level  Hunger
 Animate Skeleton         Necr           N/A          52%         1    ##.....
 Apportation              Tloc           #.....       52%         1    ##.....
 Corona                   Hex            #......      52%         1    ##.....
 Summon Small Mammal      Summ           #...         52%         1    ##.....


Dungeon Overview and Level Annotations

Branches:
Dungeon (7/15)             Temple (0/1) D:4

Altars:
Qazlal

Annotations:
D:6 2 transporters, nojaa's ghost, novice DECK


Message History

The hog bites you.
* * * LOW HITPOINT WARNING * * *
The hog misses you. The hog closely misses you.
Things that are here:
a +0 robe; a +2 flail You block the hog's attack.
You hit the hog but do no damage.
The hog is moderately wounded.
You hit the hog.
The hog is moderately wounded.
The hog bites you but does no damage.
You slash the hog!
The hog is severely wounded.
The hog bites you.
* * * LOW HITPOINT WARNING * * *
You fail to use your ability.
The hog closely misses you.
You fail to use your ability.
The hog closely misses you. The hog bites you!
* * * LOW HITPOINT WARNING * * *
The hog bites you.
You die...

....#
#..#.#<# #.#
....#
#..#.#[# #.#
....#
##.#.#[# #.#
....#
#.#.#.# #.#
#####
#...#.# #.#
#...#.# #.#
#...#.# #.#
#...#.# #.#
##..#@# #.#
#..#h#####.#
##.#.......#
#h[#########
#[>[.......#
#.#######.##
#.# #.# #.#
#.#
#.#######.#


You could see a hog.

Vanquished Creatures
  Pikel (D:6)
  A human (D:7)
  2 hungry ghosts
  Menkaure (D:7)
  Duvessa (D:7)
  A black bear (D:6)
  2 ice beasts
  A phantom (D:6)
  2 centaurs (D:5)
  2 bullfrogs (D:6)
  Dowan (D:7)
  2 scorpions
  11 wights
  2 crimson imps (D:6)
  2 jellies (D:3)
  4 orc priests
  A hound (D:4)
  4 orc wizards
  3 worker ants
  A hound skeleton (D:7)
  A worker ant zombie (D:6)
  10 adders
  10 oozes (D:3)
  2 adder skeletons
  An adder zombie (D:5)
  7 worms
  2 dart slugs
  9 leopard geckos
  22 orcs
  5 giant cockroaches
  3 goblins
  7 hobgoblins
  4 jackals (D:1)
  6 quokkas
  8 bats
  3 frilled lizards
  2 giant cockroach zombies
  14 kobolds
  2 quokka skeletons
  5 rats
168 creatures vanquished.

Vanquished Creatures (others)
  A bullfrog (D:7)
  2 fungi (D:3)
  10 toadstools (D:3)
13 creatures vanquished.

Grand Total: 181 creatures vanquished

Notes
Turn   | Place    | Note
-------+----------+-------------------------------------------
     0 | D:1      | Delamore the Hill Orc Monk began the quest for the Orb.
     0 | D:1      | Reached XP level 1. HP: 19/19 MP: 1/1
   189 | D:1      | Reached XP level 2. HP: 22/26 MP: 2/2
   338 | D:1      | Reached skill level 5 in Axes
   852 | D:1      | Reached XP level 3. HP: 31/31 MP: 3/3
  1531 | D:2      | Reached skill level 6 in Axes
  1548 | D:2      | Reached XP level 4. HP: 28/39 MP: 4/4
  1941 | D:2      | Reached skill level 7 in Axes
  2369 | D:3      | Reached XP level 5. HP: 36/45 MP: 5/5
  3076 | D:3      | Found a stormy altar of Qazlal.
  3169 | D:3      | Reached skill level 8 in Axes
  3590 | D:3      | Reached XP level 6. HP: 51/51 MP: 6/6
  3620 | D:3      | Reached skill level 9 in Axes
  4201 | D:3      | Became a worshipper of Qazlal Stormbringer
  4201 | D:3      | Reached * piety under Qazlal
  4201 | D:3      | Reached ** piety under Qazlal
  4275 | D:4      | Found a staircase to the Ecumenical Temple.
  4535 | D:4      | Reached skill level 10 in Axes
  4535 | D:4      | Reached XP level 7. HP: 38/57 MP: 7/7
  5549 | D:5      | Entered Level 5 of the Dungeon
  5961 | D:5      | Reached skill level 11 in Axes
  5988 | D:5      | HP: 1/57 [centaur/arrow (11)]
  6679 | D:5      | Reached XP level 8. HP: 48/64 MP: 8/8
  7322 | D:6      | Reached skill level 12 in Axes
  7828 | D:6      | Reached skill level 13 in Axes
  8227 | D:6      | Found a transporter.
  8229 | D:6      | Found a transporter.
  8234 | D:6      | Noticed nojaa's ghost (novice DECK)
  8256 | D:6      | Got a smoking ring mail
  8277 | D:6      | Identified the +1 ring mail of the Thunderstorm {+Inv MR+
                  | Dex-2} (You found it on level 6 of the Dungeon)
  8622 | D:7      | Noticed Menkaure
  8651 | D:6      | Reached *** piety under Qazlal
  8665 | D:6      | Reached skill level 14 in Axes
  8665 | D:6      | Reached XP level 9. HP: 66/70 MP: 9/9
  8946 | D:7      | Noticed Pikel
  9535 | D:6      | Killed Pikel
  9535 | D:6      | Reached skill level 15 in Axes
  9627 | D:7      | Killed Menkaure
  9716 | D:7      | Noticed Duvessa
  9732 | D:7      | Noticed Dowan
  9743 | D:7      | Killed Duvessa
  9743 | D:7      | Reached skill level 16 in Axes
 10411 | D:7      | Killed Dowan
 10790 | D:6      | HP: 2/70 [hog (10)]
 10792 | D:6      | Slain by a hog

Illustrated notes

Levels and vault maps discovered:
D:1:      dpeg_arrival_boxes_within_box, layout_loops_ring
D:2:      layout_basic
D:3:      cheibrodos_fertilizer, layout_loops_ring, lemuel_doored_altar,
          first_ration
D:4:      layout_layer_cave, minmay_temple_entry_butterflies
D:5:      layout_basic
D:6:      layout_basic, gammafunk_ghost_mausoleum
D:7:      layout_rooms, grunt_livestock, uniq_duvessa, uniq_menkaure, uniq_pikel

Skill      XL: |  1  2  3  4  5  6  7  8  9 |
---------------+----------------------------+-----
Axes           | 5 6 7 8 10 11 14 16 | 16.6
Fighting       | |  3.6
Dodging        | |  2.4
Stealth        | |  1.5

Action                   |  1- 3 |  4- 6 |  7- 9 || total
-------------------------+-------+-------+-------++-------
Melee: Hand axe          |   114 |   274 |   452 ||   840
Throw: Dart              |       |     5 |     5 ||    10
Invok: Upheaval          |       |       |     1 ||     1
 Abil: Evoke Invisibilit |       |       |     1 ||     1
  Use: Scroll            |       |       |     8 ||     8
       Potion            |       |       |     3 ||     3
 Stab: Sleeping          |     5 |     1 |     1 ||     7
       Invisible         |       |       |     4 ||     4
  Eat: Chunk             |     2 |    10 |    15 ||    27
       Ration            |       |       |     3 ||     3
Armor: Robe              |    28 |     9 |       ||    37
       Scale mail        |       |    82 |    61 ||   143
       Ring mail         |       |       |    59 ||    59
Dodge: Dodged            |    80 |   132 |   181 ||   393
Block: Other             |       |     1 |    39 ||    40
